 Dungeon Crawl Stone Soup version 0.30-a0-1035-g38d5fb2972 (webtiles) character file.

Game seed: 11477855860566232576

77 Maxmaps the Ducker (level 4, -3/35 HPs)
             Began as a Demonspawn Monk on Apr 9, 2023.
             Killed by nerve-wracking pain
             ... invoked by Grinder
              (8 damage)
             ... on level 3 of the Dungeon.
             The game lasted 00:02:38 (2227 turns).

Maxmaps the Ducker (Demonspawn Monk)                Turns: 2227, Time: 00:02:39

Health: -3/35      AC: 13    Str: 12    XL:     4   Next: 14%
Magic:  4/4        EV:  7    Int: 13    God:
Gold:   157        SH:  0    Dex: 15    Spells: 3/3 levels left

rFire   . . .      SeeInvis .      - Unarmed
rCold   . . .      Faith    .    (no shield)
rNeg    . . .      Spirit   .    j - +0 chain mail
rPois   .          Reflect  .    h - +0 helmet
rElec   .          Rampage  .    (no cloak)
rCorr   .                        (no gloves)
Will    .....                    (no boots) Stlth
                                 (no amulet)
HPRegen 0.25/turn                e - +4 ring of protection
MPRegen 0.09/turn                (no ring)

@: mighty
A: weakness stinger 2
a: no special abilities


You were on level 3 of the Dungeon.
You visited 1 branch of the dungeon, and saw 3 of its levels.

You collected 157 gold pieces.

Inventory:

Armour
 h - a +0 helmet (worn)
 j - a +0 chain mail (worn)
Jewellery
 e - a +4 ring of protection (left hand)
Scrolls
 d - a scroll of amnesia {unknown}
 f - 2 scrolls of teleportation {unknown}
 i - a scroll of enchant weapon {unknown}
 k - a scroll of vulnerability {unknown}
 n - a scroll of identify {unknown}
 q - a scroll of enchant armour {unknown}
Potions
 a - a potion of curing
 b - 2 potions of ambrosia
 c - a potion of might
 g - 2 potions of brilliance {unknown}
 l - 2 potions of attraction {unknown}
 m - a potion of heal wounds {unknown}
 o - a potion of lignification {unknown}
 p - a potion of flight {unknown}


   Skills:
 - Level 3.0 Fighting
 + Level 1.8 Armour
 - Level 4.0 Dodging
 - Level 1.7 Stealth
 - Level 2.6 Unarmed Combat


You had 3 spell levels left.
You didn't know any spells.
Your spell library contained the following spells:

 Spells                   Type           Power      Damage    Failure   Level
 Apportation              Tloc           0%         N/A       100%        1
 Necrotise                Necr           0%         1d4       100%        1
 Summon Small Mammal      Summ           0%         N/A       100%        1


Dungeon Overview and Level Annotations

Branches:
Dungeon (3/15)

Altars:
Cheibriados
Yredelemnul

Shops:
D:1 *??*!

Annotations:
D:3 Grinder


Innate Abilities, Weirdness & Mutations

You have a tail ending in a sharp stinger.


Message History

Grinder is moderately wounded.
Grinder hits you but does no damage.
You closely miss Grinder.
Grinder is moderately wounded.
You hit Grinder but do no damage. Your punch misses Grinder.
Grinder is moderately wounded.
Grinder hits you but does no damage.
You hit Grinder but do no damage.
Grinder is moderately wounded.
Grinder blinks!
Grinder gestures at you. You resist with significant effort.
Grinder hits you but does no damage.
You hit Grinder.
Grinder is moderately wounded.
Grinder hits you.
You writhe in agony.
You barely miss Grinder.
Grinder is moderately wounded.
Grinder hits you.
You writhe in agony.
You are too injured to fight recklessly!
It was a potion of might.
You feel very mighty all of a sudden. Grinder gestures at you.
You suddenly lose the ability to move!
Grinder blinks!
You can move again.
Unknown command.
You are too injured to fight recklessly!
Unknown command.
You are too injured to fight recklessly!
Grinder barely misses you.
You barely miss Grinder.
Grinder is moderately wounded.
Grinder hits you.
You writhe in agony.
* * * LOW HITPOINT WARNING * * *
You barely miss Grinder. You tail-slap Grinder.
Grinder is heavily wounded.
Grinder gestures at you. Pain shoots through your body!
You die...

#. .# #. .# ##.#.#
#############....###
...........##.... .#
...).......##...##.#
..<........##...#..#
...........##..5#..#
...........##...@..#
♣♣.........##.#.#..#
P♣♣.......P....>.).#
.P♣)....P♣.♣PP.###.#
.P♣....P♣♣♣P♣♣.# ...
.♣♣.....♣♣PP..##
#### ♣♣###P♣♣PP.P..#
#.$♣P....## ♣♣P...##


You could see Grinder.

Vanquished Creatures
  3 adders
  2 dart slugs
  An orc (D:3)
  7 endoplasms
  2 giant cockroaches
  5 goblins
  4 hobgoblins
  A quokka (D:3)
  2 ball pythons (D:1)
  4 bats
  4 frilled lizards
  6 kobolds
41 creatures vanquished.

Notes
Turn   | Place    | Note
-------+----------+-------------------------------------------
     0 | D:1      | Maxmaps the Demonspawn Monk began the quest for the Orb.
     0 | D:1      | Reached XP level 1. HP: 18/18 MP: 1/1
    98 | D:1      | You fall into a shaft and drop 1 floor!
   233 | D:2      | Reached skill level 3 in Dodging
   233 | D:2      | Gained mutation: You have a small tail. [demonic ancestry]
   233 | D:2      | Reached XP level 2. HP: 16/24 MP: 2/2
   286 | D:1      | Found Laotefyxa's Magic Scroll Shoppe.
   332 | D:1      | Found Nisus's Magic Scroll Shop.
   563 | D:1      | Found a faded altar of an unknown god.
   704 | D:1      | Gained mutation: You have a tail ending in a sharp stinger.
                  | [demonic ancestry]
   704 | D:1      | Reached XP level 3. HP: 29/29 MP: 3/3
   725 | D:1      | Found Dueggoma's Assorted Antiques.
   804 | D:1      | Found Cejaij Jao's Assorted Antiques.
   916 | D:1      | Found Xoawaytu's Distillery.
  1298 | D:2      | Reached skill level 4 in Dodging
  1692 | D:3      | Found a snail-covered altar of Cheibriados.
  1920 | D:3      | Reached skill level 1 in Armour
  2002 | D:3      | Reached XP level 4. HP: 35/35 MP: 4/4
  2028 | D:3      | Found a basalt altar of Yredelemnul.
  2190 | D:3      | Noticed Grinder
  2194 | D:3      | Paralysed by Grinder for 4 turns
  2202 | D:3      | Paralysed by Grinder for 2 turns
  2222 | D:3      | Paralysed by Grinder for 3 turns
  2227 | D:3      | Killed from afar by Grinder

Illustrated notes

Levels and vault maps discovered:
D:1:      dpeg_arrival_rooms_a, layout_basic, chequers_ecumenical_altar_twisty,
          serial_shops, shop, shop, shop, shop, shop
D:2:      layout_loops_corners, fountainhead, corexii_leaking_fountain
D:3:      layout_basic, mainiacjoe_overflow_24_doors,
          mainiacjoe_overflow_alcove_4, serial_forest,
          infiniplex_forest_clump_curved, infiniplex_forest_clump_tiny,
          infiniplex_forest_end_2, infiniplex_forest_clump_curved,
          infiniplex_forest_clump_double, infiniplex_forest_clump_curved,
          infiniplex_forest_corner_1, infiniplex_forest_join,
          infiniplex_forest_lined_1, infiniplex_forest_end_1, uniq_grinder

Skill      XL: |  1  2  3 |
---------------+----------+-----
Dodging        | 3 4 |  4.0
Armour         | 1 |  1.8
Fighting       | |  3.0
Stealth        | |  1.7
Unarmed Combat | |  2.6

Action                     |  1- 3 |  4- 6 || total
---------------------------+-------+-------++-------
  Melee: Unarmed           |   151 |    37 ||   188
         Tailslap          |    17 |     4 ||    21
         Punch             |     3 |       ||     3
    Use: Potion            |       |     2 ||     2
 Armour: Ring mail         |     7 |       ||     7
         Chain mail        |    67 |    17 ||    84
         Scale mail        |    12 |       ||    12
  Dodge: Dodged            |    65 |     7 ||    72

Table legend: (Time is in decaauts)
 A = Elapsed time spent in this place.
 B = Non-inter-level travel time spent in this place.
 C = Inter-level travel time spent in this place.
 D = Time resting spent in this place.
 E = Time spent auto-exploring this place.
 F = Levels seen in this place.
 G = Mean time per level.
                   A        B        C        D        E       F      G
               +--------+--------+--------+--------+--------+-----+--------+
         Total |   2217 |   2106 |    111 |      0 |   1694 |   3 |  739.0 |
       Dungeon |   2217 |   2106 |    111 |      0 |   1694 |   3 |  739.0 |
               +--------+--------+--------+--------+--------+-----+--------+

Top non-repeatable levels by time:
     D:2: 852 daAuts
     D:1: 756 daAuts
     D:3: 609 daAuts
